 Dungeon Crawl Stone Soup version 0.25.0-11-g1f837a76a1 (webtiles) character file.

Game seed: 13597177670815780688

305 AnneSejuta the Skirmisher (level 6, -2/41 HPs)
             Began as a Gargoyle Fighter on June 26, 2020.
             Slain by a killer bee (3 damage)
             ... on level 3 of the Dungeon.
             The game lasted 00:15:32 (3180 turns).

AnneSejuta the Skirmisher (Gargoyle Fighter)        Turns: 3180, Time: 00:15:32

Health: -2/41      AC: 14    Str: 20    XL:     6   Next: 39%
Magic:  6/6        EV: 11    Int: 10    God:
Gold:   223        SH: 10    Dex:  9    Spells: 5/5 levels left

rFire    . . .     SeeInvis .   a - +0 flail
rCold    . . .     Gourm    .   c - +1 kite shield
rNeg     + . .     Faith    .   b - +0 scale mail
rPois    ∞         Spirit   .   s - +0 helmet
rElec    +         Reflect  .   n - +0 cloak
rCorr    .         Harm     .   p - +0 pair of gloves
MR       .....                  (no boots)
Stlth    ..........             (no amulet)
HPRegen  0.13/turn              (no ring)
MPRegen  0.10/turn              q - +4 ring of evasion

@: no status effects
A: negative energy resistance 1, electricity resistance, unbreathing,
petrification resistance, rot immunity, AC +4
a: no special abilities


You were on level 3 of the Dungeon.
You were very hungry.

You visited 1 branch of the dungeon, and saw 4 of its levels.

You collected 223 gold pieces.

Inventory:

Hand Weapons
 a - a +0 flail (weapon)
Missiles
 g - 83 stones (quivered)
Armour
 b - a +0 scale mail (worn)
 c - a +1 kite shield (worn)
 n - a +0 cloak (worn)
 p - a +0 pair of gloves (worn)
 s - a +0 helmet (worn)
Jewellery
 q - a +4 ring of evasion (right hand)
 r - an uncursed amulet of reflection {unknown}
 u - a +6 ring of strength {unknown}
Wands
 k - a wand of acid (10)
Scrolls
 e - 2 scrolls of enchant armour
 v - a scroll of remove curse
Potions
 j - 4 potions of brilliance
Comestibles
 f - 8 rations


   Skills:
 + Level 5.9 Fighting
 + Level 4.8 Maces & Flails
 - Level 3.2 Armour
 - Level 3.2 Shields


You had 5 spell levels left.
You didn't know any spells.
Your spell library was empty.

Dungeon Overview and Level Annotations

Branches:
Dungeon (4/15)
 Temple: D:4-7

Altars:
Trog


Innate Abilities, Weirdness & Mutations

You are resistant to torment.
Your stone body is resilient. (AC +4)
You are immune to poison.
You resist negative energy. (rN+)
You are resistant to electric shocks. (rElec)
You can survive without breathing.
You are immune to petrification.
You are immune to rotting.


Message History

The killer bee is moderately wounded.
The killer bee stings you but does no damage.
The killer bee barely misses you.
You miss the killer bee.
The killer bee is moderately wounded.
You block the killer bee's attack. The killer bee stings you.
* * * LOW HITPOINT WARNING * * *
The killer bee closely misses you.
You closely miss the killer bee.
The killer bee is moderately wounded.
The killer bee stings you but does no damage.
The killer bee closely misses you. The killer bee misses you.
You miss the killer bee.
The killer bee is moderately wounded.
The killer bee stings you but does no damage. x2
You miss the killer bee.
The killer bee is moderately wounded.
The killer bee stings you but does no damage.
The killer bee barely misses you. The killer bee stings you.
You die...

##.###.## #.# ##.######≈..
.#...#..# ###.# #.....#⌠≈§.
..##....####...########.....##§§≈
#....##.)....##.(.....#.....####⌠
#........#.......[....#.....)####
..##.....######...>(..#.......#
####..#......##.......#.......#
#....##.....##.y.....#.......#
##..♣.###....##.@.....#########
.#.♣♣.###....##.......#
........#....##.......#
##......#....##.......#
###....#######.......# ######
#########


You could see a killer bee.

Vanquished Creatures
  2 killer bees (D:3)
  An orc priest (D:2)
  Natasha (twice) (D:2)
  Robin (D:2)
  4 adders
  2 worms
  3 dart slugs
  2 leopard geckos (D:2)
  4 orcs (D:2)
  4 giant cockroaches
  14 goblins
  9 hobgoblins
  3 jackals (D:1)
  A quokka (D:2)
  A ball python (D:1)
  7 bats
  4 frilled lizards
  6 kobolds
  5 rats
75 creatures vanquished.

Notes
Turn   | Place    | Note
-------+----------+-------------------------------------------
     0 | D:1      | AnneSejuta the Gargoyle Fighter began the quest for the
                  | Orb.
     0 | D:1      | Reached XP level 1. HP: 14/14 MP: 1/1
   253 | D:1      | Reached XP level 2. HP: 18/19 MP: 2/2
   639 | D:1      | Reached XP level 3. HP: 24/24 MP: 3/3
   749 | D:1      | Reached skill level 4 in Fighting
  1321 | D:2      | Reached XP level 4. HP: 28/30 MP: 4/4
  1539 | D:2      | Noticed Natasha
  1555 | D:2      | Killed Natasha
  1555 | D:2      | Reached XP level 5. HP: 17/34 MP: 5/5
  1866 | D:2      | Found a faded altar of an unknown god.
  1942 | D:2      | Reached skill level 5 in Fighting
  1954 | D:2      | Noticed Natasha
  1970 | D:2      | Killed Natasha
  2099 | D:2      | Noticed Robin
  2124 | D:2      | Killed Robin
  2959 | D:3      | Found a bloodstained altar of Trog.
  3101 | D:3      | Reached XP level 6. HP: 38/41 MP: 6/6
  3133 | D:3      | HP: 1/41 [killer bee (6)]
  3177 | D:3      | HP: 1/41 [killer bee (4)]
  3180 | D:3      | Slain by a killer bee

Illustrated notes

Levels and vault maps discovered:
D:1:      lightli_arrival_flooded_house, layout_basic
D:2:      layout_basic, first_ration, chequers_ecumenical_altar_twisty,
          minmay_bisected, uniq_robin, uniq_natasha
D:3:      layout_rooms, lightli_temple_of_fire, chequers_mini_garden
D:4:      layout_rooms

Skill      XL: |  1  2  3  4  5 |
---------------+----------------+-----
Fighting       | 4 5 |  5.9
Maces & Flails | 3 4 |  4.8
Armour         | |  3.2
Shields        | |  3.2

Action                   |  1- 3 |  4- 6 || total
-------------------------+-------+-------++-------
Melee: Flail             |   162 |   243 ||   405
Throw: Stone             |    12 |    15 ||    27
  Use: Scroll            |     5 |     4 ||     9
       Potion            |       |    14 ||    14
  Eat: Chunk             |     2 |     5 ||     7
Armor: Scale mail        |    79 |   219 ||   298
Dodge: Dodged            |    33 |   197 ||   230
Block: Kite shield       |    97 |   253 ||   350
